 Dungeon Crawl Stone Soup version 0.27-a0-291-gd9602db6ee (webtiles) character file.

Game seed: 17880061971318221966

1765 Nattfarinn the Geomancer (level 9, -2/56 HPs)
             Began as a Gargoyle Earth Elementalist on Feb 9, 2021.
             Slain by an orc warrior
             ... wielding a +0 scimitar
              (17 damage)
             ... on level 7 of the Dungeon.
             The game lasted 00:10:20 (7107 turns).

Nattfarinn the Geomancer (GrEE)                     Turns: 7107, Time: 00:10:21

Health: -2/56      AC: 12    Str: 12    XL:     9   Next: 7%
Magic:  7/12       EV: 11    Int: 19    God:
Gold:   300        SH:  6    Dex: 10    Spells: 11/12 levels left

rFire    + . .     SeeInvis .   f - +2 dagger (elec)
rCold    . . .     Faith    .   q - +2 buckler
rNeg     + . .     Spirit   .   t - +0 leather armour {rF+}
rPois    ∞         Reflect  .   v - +1 helmet
rElec    +         Harm     .   (no cloak)
rCorr    .         Rampage  .   E - +0 pair of gloves
Will     .....                  (no boots)
Stlth    ++........             (no amulet)
HPRegen  0.18/turn              (no ring)
MPRegen  0.13/turn              (no ring)

@: very slightly contaminated
A: negative energy resistance 1, electricity resistance, unbreathing,
petrification resistance, miasma immunity, AC +6
a: no special abilities


You were on level 7 of the Dungeon.
You visited 2 branches of the dungeon, and saw 8 of its levels.

You collected 300 gold pieces.

Inventory:

Hand Weapons
 f - a +2 dagger of electrocution (weapon)
Missiles
 b - 92 stones
Armour
 c - a +0 robe
 d - a +0 ring mail
 q - a +2 buckler (worn)
 t - a +0 leather armour of fire resistance (worn)
 v - a +1 helmet (worn)
 E - a +0 pair of gloves (worn)
Jewellery
 u - an uncursed ring of flight {unknown}
Wands
 y - a wand of flame (26)
 A - a wand of digging (8)
 C - a wand of charming (10)
Scrolls
 a - 14 scrolls of identify
 e - a scroll of enchant weapon {unknown}
 g - 3 scrolls of fog {unknown}
 i - 2 scrolls of remove curse {unknown}
 k - 3 scrolls of teleportation
 n - a scroll of enchant armour {unknown}
 p - 2 scrolls of blinking {unknown}
 F - a scroll of amnesia {unknown}
Potions
 h - 2 potions of degeneration {unknown}
 j - 3 potions of haste {unknown}
 l - a potion of magic {unknown}
 m - a potion of might {unknown}
 o - a potion of lignification {unknown}
 r - a potion of ambrosia {unknown}
 s - a potion of cancellation {unknown}
 w - a potion of brilliance {unknown}
 x - a potion of attraction {unknown}
 z - a potion of flight {unknown}
 B - a potion of curing {unknown}
 D - a potion of invisibility {unknown}


   Skills:
 + Level 6.5 Fighting
 - Level 1.5 Dodging
 - Level 2.1 Stealth
 - Level 4.0 Shields
 - Level 2.0 Spellcasting
 - Level 0.7 Transmutations
 * Level 10.9 Earth Magic


You had 11 spell levels left.
You knew the following spells:

 Your Spells              Type           Power        Failure   Level
a - Sandblast             Erth           86%          1%          1

Your spell library contained the following spells:

 Spells                   Type           Power        Failure   Level
 Passwall                 Tmut/Erth      20%          3%          2
 Stone Arrow              Conj/Erth      44%          7%          3
 Lee's Rapid Deconstruct  Erth           21%          7%          5
 Petrify                  Tmut/Erth      24%          19%         4


Dungeon Overview and Level Annotations

Branches:
Dungeon (7/15)             Temple (1/1) D:4

Altars:
Ashenzari
Dithmenos
Fedhas
Gozag
Hepliaklqana
Kikubaaqudgha
Nemelex Xobeh
Okawaru
Qazlal
Ru
Sif Muna
Trog
Wu Jian
Zin
The Shining One


Innate Abilities, Weirdness & Mutations

You are resistant to torment.
Your stone body is resilient. (AC +6)
You are immune to poison.
You resist negative energy. (rN+)
You are resistant to electric shocks. (rElec)
You can survive without breathing.
You are immune to petrification.
You are immune to miasma.


Message History

Nothing appears to happen.
Casting: Sandblast (safe; 1% risk of failure)
Confirm with . or Enter, or press ? or * to list all spells.
Aiming: Sandblast (safe; 1% risk of failure)
Press: ? - help, Shift-Dir - straight line, f/p - orc warrior
Aim: an orc warrior, wielding a +0 scimitar and wearing a +0 chain mail (almost dead, 19% to evade)
The blast of sand hits the orc warrior but does no damage.
The orc warrior is almost dead.
The orc warrior hits you with a +0 scimitar.
* * * LOW HITPOINT WARNING * * *
Casting: Sandblast (safe; 1% risk of failure)
Confirm with . or Enter, or press ? or * to list all spells.
Aiming: Sandblast (safe; 1% risk of failure)
Press: ? - help, Shift-Dir - straight line, f/p - orc warrior
Aim: an orc warrior, wielding a +0 scimitar and wearing a +0 chain mail (almost dead, 19% to evade)
The blast of sand misses the orc warrior.
The blast of sand misses the orc.
The blast of sand hits the orc!!
You kill the orc!
The orc warrior hits you with a +0 scimitar!
You die...

############### #
#.......>.....# #
#.###########.####
#@# #######.##..
#o# ......>....#
#o# #######.##..
#......o.# #.....
.#.=o.....# ######
##o#####.# # #. ..
#. .#. . .##


You could see an orc warrior and 2 orcs.

Vanquished Creatures
  A sky beast (D:5)
  An ice beast (D:5)
  An orc warrior (D:5)
  2 ogres
  2 phantoms
  2 bullfrogs (D:6)
  3 scorpions
  A water moccasin skeleton (D:4)
  A quasit (D:5)
  A bullfrog zombie (D:5)
  2 hounds
  5 orc priests
  A bullfrog skeleton (D:5)
  2 iguanas
  Natasha (thrice) (D:3)
  3 worker ants
  4 orc wizards
  A hound skeleton (D:4)
  Robin (D:4)
  A gnoll (D:1)
  A howler monkey skeleton (D:5)
  5 adders
  2 shadow imps (D:5)
  A white imp (D:6)
  An ooze (D:3)
  An adder zombie (D:7)
  3 worms
  7 dart slugs
  A leopard gecko (D:6)
  16 orcs
  7 bats
  5 giant cockroaches
  18 goblins
  9 hobgoblins
  6 jackals (D:1)
  A quokka (D:5)
  A ball python (D:1)
  2 frilled lizards
  7 kobolds
  A leopard gecko skeleton (D:4)
  A quokka skeleton (D:4)
  10 rats
144 creatures vanquished.

Notes
Turn   | Place    | Note
-------+----------+-------------------------------------------
     0 | D:1      | Nattfarinn the Gargoyle Earth Elementalist began the quest
                  | for the Orb.
     0 | D:1      | Reached XP level 1. HP: 10/10 MP: 3/3
   402 | D:1      | Reached skill level 4 in Earth Magic
   407 | D:1      | Reached XP level 2. HP: 16/16 MP: 1/5
   519 | D:1      | Reached skill level 1 in Fighting
   877 | D:1      | Reached XP level 3. HP: 20/20 MP: 6/6
  1239 | D:1      | Reached skill level 5 in Earth Magic
  1440 | D:2      | Reached XP level 4. HP: 22/26 MP: 7/7
  1546 | D:2      | Reached XP level 5. HP: 18/31 MP: 8/8
  1838 | D:2      | Found an ancient bone altar of Kikubaaqudgha.
  1939 | D:2      | Reached skill level 6 in Earth Magic
  2707 | D:3      | Noticed Natasha
  2709 | D:3      | Killed Natasha
  2775 | D:3      | Reached XP level 6. HP: 37/37 MP: 6/9
  2994 | D:3      | Reached skill level 7 in Earth Magic
  3044 | D:3      | Noticed Natasha
  3050 | D:3      | Killed Natasha
  3288 | D:3      | Found a glowing golden altar of the Shining One.
  3289 | D:3      | Found a glowing silver altar of Zin.
  3377 | D:3      | Noticed Natasha
  3380 | D:3      | Killed Natasha
  3608 | D:4      | Reached skill level 1 in Shields
  3873 | D:4      | Noticed Robin
  3894 | D:4      | Reached XP level 7. HP: 31/43 MP: 10/10
  3896 | D:4      | Killed Robin
  4143 | D:4      | Found a staircase to the Ecumenical Temple.
  4156 | Temple   | Entered the Ecumenical Temple
  4494 | D:4      | Reached skill level 8 in Earth Magic
  4760 | D:4      | Found a bloodstained altar of Trog.
  5097 | D:5      | Entered Level 5 of the Dungeon
  5337 | D:5      | Reached XP level 8. HP: 34/48 MP: 5/11
  5360 | D:5      | Reached skill level 5 in Fighting
  5360 | D:5      | Reached skill level 9 in Earth Magic
  6165 | D:5      | Reached skill level 10 in Earth Magic
  6735 | D:6      | Reached XP level 9. HP: 53/55 MP: 7/12
  6799 | D:6      | Identified the +1 robe "Lekafirr" {SInv} (You found it on
                  | level 6 of the Dungeon)
  6820 | D:6      | Found an iron altar of Okawaru.
  7107 | D:7      | Slain by an orc warrior

Illustrated notes

Levels and vault maps discovered:
D:1:      dpeg_arrival_refuge, layout_loops_corners,
          corexii_item_surrounded_by_moat
D:2:      layout_loops_cross, kiku_gazebo_pond_becter
D:3:      layout_loops_ring, gammafunk_temple_overflow_statue, uniq_natasha
D:4:      layout_loops_corners, lemuel_doored_altar,
          minmay_temple_entry_proselytizer, uniq_robin
D:5:      layout_basic, serial_co_window_serial, co_window_corner_a,
          co_window_of_opportunity_a, co_window_paths_a, co_window_paths_a,
          co_window_paths_a, co_window_paths_b, co_window_corner_a,
          co_window_cross_1, co_window_corner_a, co_window_of_opportunity_b,
          co_window_of_opportunity_c, co_window_broadway_a, glass_columns_a,
          glass_columns_b, glass_columns_a, hangedman_decor_riveting
D:6:      layout_rooms, kennysheep_okawaru_gauntlet
D:7:      layout_loops_ring, vehumet_statue
Temple:   dpeg_chambers_temple

Skill      XL: |  1  2  3  4  5  6  7  8 |
---------------+-------------------------+-----
Earth Magic    | 4 5 6 7 8 10 | 10.9
Fighting       | 1 2 3 4 6 |  6.5
Shields        | 1 2 4 |  4.0
Dodging        | |  1.5
Stealth        | |  2.1
Spellcasting   | |  2.0
Transmutations | |  0.7

Action                   |  1- 3 |  4- 6 |  7- 9 || total
-------------------------+-------+-------+-------++-------
Melee: Unarmed           |    26 |       |       ||    26
       Dagger            |    67 |   142 |    98 ||   307
 Cast: Sandblast         |    13 |    17 |    87 ||   117
  Use: Scroll            |       |       |     2 ||     2
 Stab: Sleeping          |     1 |       |       ||     1
Armor: Ring mail         |    86 |    66 |    28 ||   180
       Robe              |     2 |       |       ||     2
       Leather armour    |       |       |    33 ||    33
Dodge: Dodged            |    73 |    76 |    46 ||   195
Block: Buckler           |       |     9 |    42 ||    51

Table legend: (Time is in decaauts)
 A = Elapsed time spent in this place.
 B = Non-inter-level travel time spent in this place.
 C = Inter-level travel time spent in this place.
 D = Time resting spent in this place.
 E = Time spent auto-exploring this place.
 F = Levels seen in this place.
 G = Mean time per level.
                   A        B        C        D        E       F      G
               +--------+--------+--------+--------+--------+-----+--------+
         Total |   7112 |   6926 |    186 |   1505 |   4538 |   8 |  889.0 |
       Dungeon |   6870 |   6712 |    158 |   1505 |   4324 |   7 |  981.4 |
        Temple |    242 |    214 |     28 |      0 |    214 |   1 |  242.0 |
               +--------+--------+--------+--------+--------+-----+--------+

Top non-repeatable levels by time:
     D:1: 1426 daAuts
     D:4: 1347 daAuts
     D:5: 1344 daAuts
     D:3: 1232 daAuts
     D:2: 853 daAuts
     D:6: 586 daAuts
  Temple: 242 daAuts
     D:7: 78 daAuts
